 Dungeon Crawl Stone Soup version 0.29-a0-1039-gfc20370e89 (webtiles) character file.

Game seed: 8015296318414633243

32 BritishOli the Trooper (level 3, 18/29 HPs)
             Began as a Demonspawn Fighter on Aug 15, 2022.
             Got out of the dungeon alive.
             The game lasted 00:00:59 (1374 turns).

BritishOli the Trooper (Demonspawn Fighter)         Turns: 1374, Time: 00:00:59

Health: 18/29      AC: 12    Str: 18    XL:     3   Next: 10%
Magic:  3/3        EV:  9    Int:  9    God:
Gold:   68         SH:  4    Dex: 12    Spells: 2/2 levels left

rFire   . . .      SeeInvis .   a - +0 long sword
rCold   . . .      Faith    .   c - +0 buckler
rNeg    . . .      Spirit   .   b - +0 scale mail
rPois   .          Reflect  .   (no helmet)
rElec   .          Harm     .   (no cloak)
rCorr   .          Rampage  .   (no gloves)
Will    .....                   (no boots)
Stlth   ..........              (no amulet)
HPRegen 0.09/turn               (no ring)
MPRegen 0.08/turn               (no ring)

@: sanguine armoured
A: powered by pain 1, sanguine armour 1
a: no special abilities


You escaped.
You visited 1 branch of the dungeon, and saw 2 of its levels.

You collected 68 gold pieces.

Inventory:

Hand Weapons
 a - a +0 long sword (weapon)
Armour
 b - a +0 scale mail (worn)
 c - a +0 buckler (worn)
 o - a +0 cloak
Jewellery
 g - a ring of wizardry
Scrolls
 e - 2 scrolls of vulnerability {unknown}
 h - 5 scrolls of identify {unknown}
 j - a scroll of enchant armour {unknown}
 k - a scroll of magic mapping {unknown}
 l - a scroll of immolation {unknown}
Potions
 d - a potion of might
 f - a potion of curing {unknown}
 i - a potion of haste {unknown}
 m - a potion of magic {unknown}
 n - a potion of invisibility {unknown}


   Skills:
 + Level 3.3 Fighting
 + Level 2.2 Long Blades
 + Level 3.0 Armour
 + Level 3.0 Shields


You had 2 spell levels left.
You didn't know any spells.
Your spell library was empty.

Dungeon Overview and Level Annotations

Branches:
Dungeon (2/15)

Altars:


Innate Abilities, Weirdness & Mutations

You sometimes gain a little power by taking damage.
When seriously injured, your blood forms armour. (AC +6)


Message History

You block the worm's attack.
You hit the worm.
The worm is lightly wounded.
The worm bites you but does no damage.
You hit the worm but do no damage.
The worm is lightly wounded.
You hit the worm.
The worm is moderately wounded.
The worm closely misses you.
You hit the worm.
The worm is heavily wounded.
You block the worm's attack.
You hit the worm.
The worm is severely wounded.
The worm bites you.
You hit the worm.
The worm is severely wounded.
The worm bites you!
Your blood congeals into armour.
You are too injured to fight recklessly!
You are too injured to fight recklessly!
You are too injured to fight recklessly!
You are too injured to fight recklessly!
You hit the worm.
The worm is severely wounded.
You hit the worm.
You kill the worm!
Found an escape hatch in the ceiling.
You see here a quokka corpse.
You see here a +0 cloak.
o - a +0 cloak
(D) Dungeon
Where to? (Enter - D:2, ? - help)
You open the door.
There is an open door here.
There is a stone staircase leading up here.
You climb upwards.
There is a stone staircase leading down here.
There is a staircase leading out of the dungeon here.
Are you sure you want to leave the Dungeon?
This will make you lose the game!
You have escaped!

......# #.# ......# #.###
##.#######...# #.......###.####
##..####.###....##
#.#.####..##.##..#
......>......#.#.## #########
......##.....##.#.### #.......###
#.#.#.##..)..###@#..###.###......
..#..........##©#.#..##.###.#.###
....#.############.............##
....#.###.#########.....##..#..##
....#.##....©##..................
......##.....##............##..#.
....####.....##.........##.##..#.
))..# #......#................#.
.)..#####................#.##.##.


There were no monsters in sight!

Vanquished Creatures
  An adder (D:2)
  A worm (D:2)
  An endoplasm (D:1)
  A giant cockroach (D:2)
  3 goblins
  A hobgoblin (D:1)
  A quokka (D:2)
  2 ball pythons (D:2)
  4 bats
  A frilled lizard (D:1)
  A kobold (D:1)
  3 rats
20 creatures vanquished.

Notes
Turn   | Place    | Note
-------+----------+-------------------------------------------
     0 | D:1      | BritishOli the Demonspawn Fighter began the quest for the
                  | Orb.
     0 | D:1      | Reached XP level 1. HP: 18/18 MP: 1/1
   736 | D:1      | Gained mutation: When seriously injured, your blood forms
                  | armour. (AC +6) [demonic ancestry]
   736 | D:1      | Reached XP level 2. HP: 23/24 MP: 2/2
  1319 | D:2      | Gained mutation: You sometimes gain a little power by
                  | taking damage. [demonic ancestry]
  1319 | D:2      | Reached XP level 3. HP: 24/29 MP: 3/3
  1374 | D:$      | Got out of the dungeon alive.

Illustrated notes

Levels and vault maps discovered:
D:1:      spicycebolla_arrival_risky_transporter, layout_loops_cross,
          minmay_misc_feat_x
D:2:      wad_pebble_path, layout_basic

Skill      XL: |  1  2 |
---------------+-------+-----
Long Blades    | 2 |  2.2
Armour         | 3 |  3.0
Shields        | 3 |  3.0
Fighting       | |  3.3

Action                   || total
-------------------------++-------
Melee: Long sword        ||    73
Armor: Scale mail        ||    46
Dodge: Dodged            ||    33
Block: Buckler           ||    23

Table legend: (Time is in decaauts)
 A = Elapsed time spent in this place.
 B = Non-inter-level travel time spent in this place.
 C = Inter-level travel time spent in this place.
 D = Time resting spent in this place.
 E = Time spent auto-exploring this place.
 F = Levels seen in this place.
 G = Mean time per level.
                   A        B        C        D        E       F      G
               +--------+--------+--------+--------+--------+-----+--------+
         Total |   1399 |   1330 |     69 |    245 |    904 |   2 |  699.5 |
       Dungeon |   1399 |   1330 |     69 |    245 |    904 |   2 |  699.5 |
               +--------+--------+--------+--------+--------+-----+--------+

Top non-repeatable levels by time:
     D:1: 1037 daAuts
     D:2: 361 daAuts
